 Dungeon Crawl Stone Soup version 0.19.4 (webtiles) character file.

162 Kiturien the Covered (level 5, 0/46 HPs)
             Began as a Hill Orc Fighter on Jan 31, 2017.
             Slain by an ice beast (1 damage)
             ... on level 4 of the Dungeon.
             The game lasted 00:09:28 (2602 turns).

Kiturien the Covered (Hill Orc Fighter)             Turns: 2602, Time: 00:09:29

Health: 0/46       AC:  9    Str: 20    XL:     5   Next: 43%
Magic:  5/5        EV:  5    Int: 11    God:
Gold:   135        SH:  9    Dex: 10    Spells: 0 memorised, 4 levels left

rFire  . . .     SeeInvis .     a - +1 war axe
rCold  . . .     Gourm    .     e - +0 chain mail (curse)
rNeg   . . .     Faith    .     c - +0 shield
rPois  .         Spirit   .     (no helmet)
rElec  .         Reflect  .     (no cloak)
rCorr  .         Harm     .     (no gloves)
MR     .....                    (no boots)
Stlth  ..........               (no amulet)
                                (no ring)
                                p - +3 ring of intelligence

@: no status effects
A: no striking features
a: no special abilities


You were on level 4 of the Dungeon.
You were not hungry.

You visited 1 branch of the dungeon, and saw 4 of its levels.

You collected 135 gold pieces.

Inventory:

Hand Weapons
 a - a +1 war axe (weapon)
 q - a +0 falchion of freezing
Armour
 c - a +0 shield (worn)
 e - a cursed +0 chain mail (worn)
Jewellery
 p - a +3 ring of intelligence (left hand)
Scrolls
 h - a scroll of fear {unknown}
 i - a scroll of teleportation
 k - a scroll of enchant armour {unknown}
 t - a scroll of amnesia {unknown}
Potions
 b - 3 potions of haste
 d - 3 potions of might
 g - a potion of resistance
 j - a potion of ambrosia
 l - 2 potions of heal wounds
 n - 2 potions of curing
 o - a potion of cancellation
 r - 2 potions of brilliance {unknown}
 s - a potion of degeneration {unknown}
Comestibles
 f - 3 bread rations
 m - 3 fruits


   Skills:
 + Level 4.1 Fighting
 + Level 4.1 Axes
 + Level 5.2 Armour
 + Level 4.0 Shields


You had 4 spell levels left.
You didn't know any spells.

Dungeon Overview and Level Annotations

Branches:
Dungeon (4/15)
 Temple: D:4-7

Altars:
Ashenzari
Dithmenos
Hepliaklqana
Nemelex Xobeh


Message History

You hit the ice beast but do no damage.
The ice beast is severely wounded.
The ice beast hits you but does no damage.
The ice beast barely misses you.
You closely miss the ice beast.
The ice beast is severely wounded.
The ice beast hits you but does no damage.
Your shield and chain mail prevent you from hitting the ice beast.
The ice beast is severely wounded.
The ice beast hits you.
* * * LOW HITPOINT WARNING * * *
The ice beast freezes you!
* * * LOW HITPOINT WARNING * * *
You hit the ice beast.
The ice beast is severely wounded.
The ice beast hits you but does no damage. x2
Your shield and chain mail prevent you from hitting the ice beast.
The ice beast is severely wounded.
The ice beast hits you.
You die...

##### ... ... ... #.# #
##.##### ## #.Y?...# .#
#+## #.@###.### # ##...##
#..##..... ##.....##
#..##..## # ##.......##
#.......#.#
###.........###.......#.###
..'.........+..............
###.........###.).....####
##.......# ###.##.##
##)....## ####.#


You could see an ice beast.

Vanquished Creatures
  A bullfrog (D:3)
  2 adders
  3 worms
  A dart slug (D:3)
  A leopard gecko (D:3)
  7 orcs
  4 giant cockroaches
  6 goblins
  6 hobgoblins
  7 jackals
  6 kobolds
  7 bats
  4 frilled lizards
  A quokka skeleton (D:4)
  10 rats
66 creatures vanquished.

Notes
Turn   | Place    | Note
-------+----------+-------------------------------------------
     0 | D:1      | Kiturien the Hill Orc Fighter began the quest for the Orb.
     0 | D:1      | Reached XP level 1. HP: 19/19 MP: 1/1
   142 | D:1      | Reached XP level 2. HP: 23/27 MP: 2/2
   979 | D:2      | Reached XP level 3. HP: 33/33 MP: 3/3
  1777 | D:3      | Noticed a bullfrog
  1779 | D:3      | Reached XP level 4. HP: 40/40 MP: 4/4
  1785 | D:3      | Killed a bullfrog
  1785 | D:3      | Reached skill level 4 in Armour
  1785 | D:3      | Reached XP level 5. HP: 38/46 MP: 5/5
  1974 | D:3      | Found a shattered altar of Ashenzari.
  2063 | D:3      | Reached skill level 5 in Armour
  2090 | D:3      | Found a sparkling altar of Nemelex Xobeh.
  2270 | D:3      | Found a shadowy altar of Dithmenos.
  2441 | D:3      | Found a hazy altar of Hepliaklqana.
  2579 | D:4      | Noticed an ice beast
  2600 | D:4      | HP: 1/46 [ice beast (7)]
  2602 | D:4      | Slain by an ice beast

Skill      XL: |  1  2  3  4  5 |
---------------+----------------+-----
Shields        | 4 |  4.0
Fighting       | 4 |  4.1
Axes           | 4 |  4.1
Armour         | 4 5 |  5.2

Action                   |  1- 3 |  4- 6 || total
-------------------------+-------+-------++-------
Melee: War axe           |   139 |   143 ||   282
  Use: Scroll            |     7 |     1 ||     8
  Eat: Meat ration       |     1 |       ||     1
       Fruit             |       |     1 ||     1
Armor: Scale mail        |    19 |       ||    19
       Chain mail        |    91 |    82 ||   173
Dodge: Dodged            |    34 |    31 ||    65
Block: Shield            |    86 |    90 ||   176
